 Dungeon Crawl Stone Soup version 0.18-a0-1577-gf591c28 (webtiles) character file.

2661 namelastname112 the Martial Artist (level 9, -11/69 (70) HPs)
             Began as a Pale Draconian Monk on Mar 22, 2016.
             Was a Priest of Ru.
             Hit by a large rock thrown by a cyclops (47 damage)
             ... on level 7 of the Dungeon.
             The game lasted 00:10:43 (7352 turns).

namelastname112 the Martial Artist (DrMo)           Turns: 7352, Time: 00:10:44

HP:   -11/69 (70)   AC: 11    Str: 16    XL:     9   Next: 36%
MP:   9/9           EV: 13    Int: 10    God:    Ru [***...]
Gold: 239           SH:  0    Dex: 17    Spells: 0 memorised, 8 levels left

rFire  + . .     SeeInvis .       - Unarmed
rCold  . . .     Gourm    .     (armour unavailable)
rNeg   . . .     Faith    .     (no shield)
rPois  +         Spirit   .     (helmet restricted)
rElec  .         Dismiss  .     l - +1 cloak
rCorr  .         Reflect  .     k - +1 pair of gloves
SustAt .         Harm     .     (no boots)
MR     .....                    (no amulet)
Stlth  ++........               (no ring)
                                (no ring)

@: short of breath, not resistant to hostile enchantments, unstealthy
A: breathe steam, unfitting armour, fire resistance 1, poison resistance, strong
1, cold-blooded, inability to use devices, hated by all, AC +7
a: Breathe Steam, Draw Out Power, Renounce Religion


You were on level 7 of the Dungeon.
You worshipped Ru.
Ru was most pleased with you.
You were not hungry.

You visited 1 branch of the dungeon, and saw 7 of its levels.
You also visited: Sewer.

You collected 239 gold pieces.

Inventory:

Hand Weapons
 d - the +6 falchion of Pok Tuj {venom, *Corrode rF+ rN+ Dex+3}
   (You took it off Eustachio on level 6 of the Dungeon)

   It poisons the flesh of those it strikes.
   It affects your dexterity (+3).
   It protects you from fire.
   It protects you from negative energy.
   It may corrode your equipment when you take damage.
 t - a +0 blowgun
 y - the +5 rapier "Layt" {pierce, rPois Str+3}
   (You found it in a sewer)

   It inflicts extra damage upon your enemies.
   It affects your strength (+3).
   It protects you from poison.
Missiles
 p - 4 curare-tipped needles
Armour
 k - a +1 pair of gloves (worn)
 l - a +1 cloak (worn)
Jewellery
 i - an uncursed ring of fire
Scrolls
 b - 2 scrolls of blinking
 o - 2 scrolls of remove curse
 q - 2 scrolls of amnesia
 u - a scroll of recharging {unknown}
 v - 2 scrolls of teleportation
 w - a scroll of enchant weapon {unknown}
 z - a scroll of fog {unknown}
 B - a scroll of immolation {unknown}
 D - a scroll of summoning {unknown}
Potions
 c - a potion of ambrosia
 e - 2 potions of agility
 f - a potion of haste
 g - 2 potions of brilliance
 h - 7 potions of heal wounds
 j - 5 potions of curing
 s - 2 potions of cancellation
 A - 2 potions of might
Books
 E - a book of Debilitation

   Spells                             Type                      Level
   a - Corona                         Hexes                        1
   b - Slow                           Hexes                        2
   c - Gell's Gravitas                Hexes/Translocation          3
   d - Inner Flame                    Hexes/Fire                   3
   e - Cause Fear                     Hexes                        4
   f - Leda's Liquefaction            Hexes/Earth                  4
Comestibles
 a - 6 bread rations
 m - 3 meat rations
 n - 7 fruits
 r - 3 beef jerkies
 C - 2 royal jellies


   Skills:
 - Level 3.2 Fighting
 - Level 2.6 Dodging
 - Level 1.7 Stealth
 + Level 13.0 Unarmed Combat


You had 8 spell levels left.
You didn't know any spells.

Dungeon Overview and Level Annotations

Branches:
Dungeon (7/15)
 Temple: D:4-7

Altars:
Nemelex Xobeh
Ru


Innate Abilities, Weirdness & Mutations

You can breathe blasts of scalding, opaque steam.
Your pale cyan-grey scales are hard (AC +7).
Your body does not fit into most forms of armour.
You are cold-blooded and may be slowed by cold attacks.
You cannot study or use magical devices.
You are hated by all.
Your flesh is heat resistant.
Your system is resistant to poisons.
Your muscles are strong. (Str +2)


Message History

No target in view!
Found a stone staircase leading up.
A cyclops comes into view.
A cyclops is nearby!
A cyclops is nearby!
A cyclops is nearby!
Found a metal-bound book.
Found a grey potion.
Found a stone staircase leading up.
Found a robe.
You start resting.
The cyclops shouts!
The cyclops throws a large rock.
The large rock hits you!
You see here a large rock.
Press: ? - help, Shift-Dir - straight line, f - cyclops
Aim: a cyclops You exhale a blast of scalding steam.
You feel somewhat more hungry.
You start resting.
The cyclops throws a large rock.
The large rock hits you!!!
Ouch! That really hurt!
You die...

#.. #.......%..#.. ..#
##............ ..#
#...........#
###.#####...†.......#
#.........#.....C..####
...#########).........#
.#.# ##.†).#.......#
##.# ##..####(......#
#)# #..## #..@.....#
#.# ##.## #..........
##.####..# #..........
#.......## #....:.....
....##### #.........#
.#### .........##
.##### .!.###<...#
...... ..[.. .#### ..#


You could see a cyclops.

Vanquished Creatures
  The ghost of M4edhros the Covert, a novice OpAr (Sewer)
  Eustachio (D:6)
  4 orc warriors
  A necrophage (D:7)
  2 centaurs (D:5)
  A sky beast (D:7)
  3 ogres
  4 big kobolds (Sewer)
  3 giant frogs
  A scorpion (D:5)
  A howler monkey (D:5)
  A crimson imp (D:7)
  2 hounds
  2 giant frog skeletons
  Crazy Yiuf (D:3)
  5 orc wizards
  Terence (D:2)
  9 worker ants
  A hound zombie (D:5)
  3 hound skeletons
  4 adders
  An ooze (D:2)
  4 adder skeletons
  2 worms
  4 giant geckos
  17 orcs
  13 giant cockroaches
  12 goblins
  10 hobgoblins
  18 jackals
  A quokka (D:6)
  4 ball pythons
  13 bats
  13 giant newts
  16 kobolds
  A quokka skeleton (D:4)
  12 rats
192 creatures vanquished.

Vanquished Creatures (others)
  Robin (D:3)
1 creature vanquished.

Grand Total: 193 creatures vanquished

Notes
Turn   | Place    | Note
--------------------------------------------------------------
     0 | D:1      | namelastname112 the Draconian Monk began the quest for the Orb.
     0 | D:1      | Reached XP level 1. HP: 19/19 MP: 1/1
   254 | D:1      | Reached XP level 2. HP: 26/26 MP: 2/2
   810 | D:1      | Reached skill level 5 in Unarmed Combat
   810 | D:1      | Reached XP level 3. HP: 31/31 MP: 3/3
  1188 | D:2      | Noticed Terence
  1570 | D:2      | Found a sacrificial altar of Ru.
  1803 | D:2      | Became a worshipper of Ru the Awakened
  1822 | D:2      | Gained mutation: You cannot study or use magical devices. [Ru sacrifice]
  1822 | D:2      | Reached * piety under Ru
  1822 | D:2      | Reached ** piety under Ru
  1822 | D:2      | Reached *** piety under Ru
  2198 | D:3      | Reached XP level 4. HP: 17/38 MP: 4/4
  2704 | D:3      | Reached skill level 6 in Unarmed Combat
  2852 | D:3      | Noticed Robin
  2975 | D:2      | Killed Terence
  2975 | D:2      | Reached XP level 5. HP: 14/45 MP: 5/5
  3538 | D:3      | Noticed Crazy Yiuf
  3549 | D:3      | Killed Crazy Yiuf
  3769 | D:3      | Killed Robin
  4168 | D:4      | Noticed an ogre
  4173 | D:4      | Killed an ogre
  4173 | D:4      | Reached skill level 7 in Unarmed Combat
  4173 | D:4      | Reached XP level 6. HP: 51/51 MP: 6/6
  4607 | D:4      | Reached skill level 8 in Unarmed Combat
  4822 | D:5      | Entered Level 5 of the Dungeon
  4944 | D:5      | Your scales start taking on a pale cyan-grey colour.
  4944 | D:5      | Reached XP level 7. HP: 52/57 MP: 7/7
  5049 | D:5      | Reached skill level 9 in Unarmed Combat
  5428 | D:6      | Reached skill level 10 in Unarmed Combat
  5463 | D:6      | Reached XP level 8. HP: 34/63 MP: 8/8
  5560 | D:6      | Noticed Eustachio
  5804 | D:6      | Found a glowing drain.
  5826 | Sewer    | Entered a sewer
  5941 | Sewer    | Noticed M4edhros's ghost (novice OpAr)
  5947 | Sewer    | Killed M4edhros's ghost
  5947 | Sewer    | Reached skill level 11 in Unarmed Combat
  5982 | Sewer    | Got a faintly glowing rapier
  5983 | Sewer    | Identified the +5 rapier "Layt" {pierce, rPois Str+3} (You found it in a sewer)
  6163 | D:6      | Killed Eustachio
  6163 | D:6      | Reached skill level 12 in Unarmed Combat
  6169 | D:6      | Reached XP level 9. HP: 40/70 MP: 9/9
  6171 | D:6      | Got an iridescent falchion {venom}
  6173 | D:6      | Identified the +6 falchion of Pok Tuj {venom, *Corrode rF+ rN+ Dex+3} (You took it off Eustachio on level 6 of the Dungeon)
  6549 | D:6      | Found a sparkling altar of Nemelex Xobeh.
  6625 | D:6      | Gained mutation: You are hated by all. [Ru sacrifice]
  7122 | D:7      | Gained mutation: Your system is resistant to poisons. [mutagenic meat]
  7123 | D:7      | Gained mutation: Your flesh is heat resistant. [mutagenic meat]
  7124 | D:7      | Gained mutation: Your muscles are strong. (Str +2) [mutagenic meat]
  7330 | D:7      | Reached skill level 13 in Unarmed Combat
  7338 | D:7      | Noticed a cyclops
  7352 | D:7      | Hit by a large rock thrown by a cyclops

Vault maps used:
D:1:      dpeg_arrival_rooms_a, minmay_lizard_king
D:2:      nicolae_ru_the_path_less_chosen, uniq_terence
D:3:      uniq_robin, uniq_crazy_yiuf_cottage
D:4:      first_bread
D:5:      minmay_misc_feat_chi
D:6:      nicolae_overflow_crystal_walls, gup_sewer_entry_glass, uniq_eustachio
D:7:      minmay_temple_entry_trees, basic_altar
Sewer:    kennysheep_pipe_town

Skill      XL: |  1  2  3  4  5  6  7  8  9 |
---------------+----------------------------+-----
Unarmed Combat | 5 6 7 8 10 12 13 | 13.0
Fighting       | |  3.2
Dodging        | |  2.6
Stealth        | |  1.7

Action                   |  1- 3 |  4- 6 |  7- 9 || total
-------------------------+-------+-------+-------++-------
Melee: Unarmed           |   100 |    67 |   260 ||   427
       Dagger            |   145 |   162 |       ||   307
       Short sword       |       |    55 |       ||    55
Invok: Sacrifice Artific |     1 |       |       ||     1
       Draw Out Power    |       |     1 |     1 ||     2
       Reject Sacrifices |       |     1 |       ||     1
       Sacrifice Love    |       |       |     1 ||     1
 Abil: Breathe Steam     |       |       |     9 ||     9
  Use: Scroll            |     8 |     3 |     3 ||    14
 Stab: Sleeping          |     3 |     3 |     4 ||    10
       Invisible         |       |     1 |     3 ||     4
       Distracted        |       |       |     2 ||     2
  Eat: Chunk             |     4 |     9 |     9 ||    22
       Royal jelly       |       |       |     1 ||     1
       Pizza             |       |       |     1 ||     1
